 Dungeon Crawl Stone Soup version 0.25.0-41-g26779e291d (webtiles) character file.

Game seed: 4150040276075103964

185 MisterFreud the Changer (level 5, 0/45 HPs)
             Began as a Draconian Transmuter on July 10, 2020.
             Slain by an orc
             ... wielding a +2 hand axe of electrocution
              (14 damage)
             ... on level 5 of the Dungeon.
             The game lasted 00:04:50 (3613 turns).

MisterFreud the Changer (Draconian Transmuter)      Turns: 3613, Time: 00:04:50

Health: 0/45       AC:  5    Str: 13    XL:     5   Next: 37%
Magic:  8/8        EV: 16    Int: 14    God:
Gold:   165        SH:  0    Dex: 11    Spells: 2/8 levels left

rFire    . . .     SeeInvis .     - Unarmed
rCold    . . .     Gourm    .   (no shield)
rNeg     . . .     Faith    .   (armour unavailable)
rPois    .         Spirit   .   (helmet restricted)
rElec    .         Reflect  .   (no cloak)
rCorr    .         Harm     .   (no gloves)
MR       .....                  (no boots)
Stlth    +.........             (no amulet)
HPRegen  0.15/turn              s - +4 ring of evasion
MPRegen  0.11/turn              (no ring)

@: no status effects
A: unfitting armour, cold-blooded, AC +5
a: no special abilities


You were on level 5 of the Dungeon.
You were not hungry.

You visited 1 branch of the dungeon, and saw 5 of its levels.

You collected 165 gold pieces.

Inventory:

Missiles
 a - 43 arrows
 e - 8 javelins (quivered)
 h - 3 atropa-tipped darts
 i - 18 poisoned darts
Jewellery
 s - a +4 ring of evasion (left hand)
Wands
 o - a wand of iceblast (4)
 r - a wand of digging (6)
Scrolls
 f - 2 scrolls of remove curse {unknown}
 g - a scroll of amnesia {unknown}
 l - a scroll of blinking {unknown}
 m - 2 scrolls of teleportation {unknown}
 p - a scroll of enchant armour {unknown}
 q - a scroll of immolation {unknown}
Potions
 b - 3 potions of heal wounds {unknown}
 d - a potion of degeneration {unknown}
 j - 2 potions of stabbing {unknown}
 k - a potion of ambrosia {unknown}
 t - a potion of mutation {unknown}
Comestibles
 c - 7 rations
 n - 2 chunks of flesh


   Skills:
 - Level 3.0 Fighting
 - Level 1.7 Dodging
 + Level 3.0 Unarmed Combat
 + Level 2.0 Spellcasting
 + Level 5.0 Transmutations


You had 2 spell levels left.
You knew the following spells:

 Your Spells              Type           Power        Failure   Level  Hunger
a - Beastly Appendage     Tmut           ###...       3%          1    ##.....
b - Sticks to Snakes      Tmut           ###.....     4%          2    ###....
c - Spider Form           Tmut/Pois      #.........   26%         3    ####...

Your spell library contained the following spells:

 Spells                   Type           Power        Failure   Level  Hunger
 Ice Form                 Ice/Tmut       #.......     63%         4    #####..
 Blade Hands              Tmut           ###.......   63%         5    ######.


Dungeon Overview and Level Annotations

Branches:
Dungeon (5/15)
 Temple: D:4-7

Altars:
Ashenzari
Cheibriados
Dithmenos
Nemelex Xobeh
Okawaru
Uskayaw
Wu Jian
Zin
The Shining One

Annotations:
D:4 Edmund


Innate Abilities, Weirdness & Mutations

Your plain brown scales are hard. (AC +5)
You cannot fit into any form of body armour.
You are cold-blooded and may be slowed by cold attacks.


Message History

Unknown command.
Eating one of 3 chunks of flesh.
You eat one of the 3 chunks of flesh.
This raw flesh tastes terrible.
Your transformation has ended.
Found an escape hatch in the ceiling.
m - 2 scrolls labeled YTZINULAPN (gained 1)
t - a dark potion You see here a centaur barding.
An orc comes into view.
It is wielding a +2 hand axe of electrocution.
The orc shouts!
Found a stone staircase leading down.
An orc is nearby!
You hit the orc but do no damage.
The orc hits you with a +2 hand axe of electrocution.
You are electrocuted!
You hit the orc.
The orc is moderately wounded.
The orc hits you with a +2 hand axe of electrocution!
You are electrocuted!
You die...

#
.>.......>...###.###
# %...#####..##
#.... # .... #รท##
#.### # #..#
#.#####.# # #..#
#.##....# #..#
##.#.#..# #..#
##.....# #..######
#.....#
#.@.....###..>..###
#o#####............
#. #####.#.##### ##
#. #.#.# # .# #.
#.#.##### .# #.
#.......[ .# #.
##..####. .# #. #.##
#. .#
#.######.######


You could see an orc.

Vanquished Creatures
  A hound (D:5)
  An orc wizard (D:3)
  2 adders
  A gnoll (D:1)
  An adder skeleton (D:5)
  A worm (D:2)
  2 dart slugs (D:1)
  4 leopard geckos
  3 orcs
  A ball python (D:1)
  A bat (D:3)
  A giant cockroach (D:3)
  7 goblins
  2 hobgoblins
  6 jackals (D:5)
  A quokka (D:5)
  5 frilled lizards
  7 kobolds
  8 rats
55 creatures vanquished.

Vanquished Creatures (collateral kills)
  An iguana (D:5)
  An adder (D:4)
  A worm (D:2)
3 creatures vanquished.

Grand Total: 58 creatures vanquished

Notes
Turn   | Place    | Note
-------+----------+-------------------------------------------
     0 | D:1      | MisterFreud the Draconian Transmuter began the quest for
                  | the Orb.
     0 | D:1      | Reached XP level 1. HP: 16/16 MP: 3/3
   400 | D:1      | Reached XP level 2. HP: 16/25 MP: 1/5
   871 | D:1      | Learned a level 2 spell: Sticks to Snakes
   985 | D:1      | Reached XP level 3. HP: 29/31 MP: 6/6
  1282 | D:2      | Reached skill level 3 in Transmutations
  1458 | D:2      | Learned a level 3 spell: Spider Form
  1775 | D:2      | Found a snail-covered altar of Cheibriados.
  1777 | D:2      | Found a glowing silver altar of Zin.
  1777 | D:2      | Found an iron altar of Okawaru.
  1777 | D:2      | Found a hide-covered altar of Uskayaw.
  1778 | D:2      | Found a glowing golden altar of the Shining One.
  1779 | D:2      | Found a shadowy altar of Dithmenos.
  1780 | D:2      | Found an ornate altar of the Wu Jian Council.
  1786 | D:2      | Found a sparkling altar of Nemelex Xobeh.
  1815 | D:2      | Found a shattered altar of Ashenzari.
  2205 | D:3      | Reached XP level 4. HP: 35/38 MP: 3/7
  2442 | D:3      | Reached skill level 4 in Transmutations
  2951 | D:4      | Noticed a phantom
  2964 | D:4      | Noticed Edmund
  2970 | D:5      | Entered Level 5 of the Dungeon
  3080 | D:5      | Reached XP level 5. HP: 43/45 MP: 5/8
  3513 | D:5      | Reached skill level 5 in Transmutations
  3613 | D:5      | Slain by an orc

Illustrated notes

Levels and vault maps discovered:
D:1:      dpeg_arrival_ternary, layout_rooms, nrook_uturn,
          grunt_decor_resistance, chequers_mini_garden
D:2:      layout_basic, lemuel_round_altar, minitemple, first_ration
D:3:      layout_loops_ring
D:4:      layout_loops_ring, minmay_temple_entry_fiery, uniq_edmund
D:5:      layout_loops_ring, gammafunk_temple_overflow_elements, minmay_holes

Skill      XL: |  1  2  3  4  5 |
---------------+----------------+-----
Fighting       | 2 3 |  3.0
Transmutations | 3 4 5 |  5.0
Dodging        | |  1.7
Unarmed Combat | |  3.0
Spellcasting   | |  2.0

Action                   |  1- 3 |  4- 6 || total
-------------------------+-------+-------++-------
Melee: Unarmed           |   115 |    71 ||   186
       Tailslap          |     8 |     2 ||    10
       Headbutt          |     7 |     3 ||    10
       Kick              |     5 |     2 ||     7
       Punch             |       |     1 ||     1
 Cast: Beastly Appendage |    12 |     5 ||    17
       Sticks to Snakes  |     4 |     2 ||     6
       Spider Form       |       |     4 ||     4
 Stab: Sleeping          |       |     2 ||     2
  Eat: Chunk             |     5 |     5 ||    10
Armor: Skin              |    10 |    16 ||    26
Dodge: Dodged            |    61 |    53 ||   114
